 Dungeon Crawl Stone Soup version 0.30-a0-367-g839099abd5 (webtiles) character file.

Game seed: 10946068191916122310

109 Bnni the Shield-Bearer (level 5, 0/42 HPs)
             Began as a Formicid Fighter on Nov 18, 2022.
             Killed by divine providence
             ... invoked by an orc priest
              (15 damage)
             ... on level 3 of the Dungeon.
             The game lasted 00:03:57 (1539 turns).

Bnni the Shield-Bearer (Formicid Fighter)           Turns: 1539, Time: 00:03:57

Health: 0/42       AC:  6    Str: 23    XL:     5   Next: 13%
Magic:  5/5        EV:  8    Int:  7    God:
Gold:   167        SH:  9    Dex: 13    Spells: 4/4 levels left

rFire   . . .      SeeInvis +    a - +0 trident
rCold   . . .      Faith    .    k - +0 kite shield
rNeg    . . .      Spirit   .    b - +0 scale mail
rPois   .          Reflect  .    (helmet unavailable)
rElec   .          Harm     .    n - scarf {repulsion}
rCorr   .          Rampage  .    (no gloves)
Will    .....                    (no boots)
Stlth   ..........               e - amulet of magic regeneration
HPRegen 0.27/turn                (no ring)
MPRegen 0.49/turn                (no ring)

@: repel missiles
A: permanent stasis, dig shafts and tunnels, antennae 3, four strong arms
a: Dig, Shaft Self


You were on level 3 of the Dungeon.
You visited 1 branch of the dungeon, and saw 4 of its levels.

You collected 167 gold pieces.

Inventory:

Hand Weapons
 a - a +0 trident (weapon)
Missiles
 c - 4 poisoned darts
Armour
 b - a +0 scale mail (worn)
 k - a +0 kite shield (worn)
 n - a scarf of repulsion (worn)
Jewellery
 e - an amulet of magic regeneration (around neck)
Scrolls
 f - a scroll of enchant armour {unknown}
 g - a scroll of enchant weapon {unknown}
 h - a scroll of summoning {unknown}
 i - a scroll of fog {unknown}
 j - 2 scrolls of noise {unknown}
 l - a scroll of poison {unknown}
 o - 2 scrolls of teleportation {unknown}
Potions
 d - 2 potions of might
 m - a potion of resistance
 p - 2 potions of curing
 r - a potion of mutation {unknown}


   Skills:
 + Level 4.1 Fighting
 * Level 3.7 Polearms
 - Level 3.2 Armour
 + Level 5.0 Shields


You had 4 spell levels left.
You didn't know any spells.
Your spell library was empty.

Dungeon Overview and Level Annotations

Branches:
Dungeon (4/15)
 Temple: D:4-7

Altars:

Shops:
D:2 :?

Annotations:
D:3 2 transporters


Innate Abilities, Weirdness & Mutations

You cannot be hasted, slowed, berserked, paralysed or teleported.
You can dig through walls and to a lower floor.
You have a pair of large antennae on your head. (SInv)
Your four strong arms can wield two-handed weapons with a shield.


Message History

The orc flickers and vanishes for a moment.
The orc priest barely misses you. The endoplasm closely misses you.
Unknown command.
You hit the orc priest.
The orc priest is lightly wounded.
The dart slug launches a dart at you. The slug dart misses you.
The orc barely misses you. The orc priest barely misses you.
The endoplasm freezes you.
You are frozen.
You hit the orc priest but do no damage.
The orc priest is lightly wounded.
The orc hits you but does no damage.
The orc priest hits you but does no damage.
The endoplasm hits you. You block the dart slug's attack.
Unknown command.
You barely miss the orc priest.
The orc priest is lightly wounded.
The orc hits you with a +0 club.
The orc priest calls down the wrath of Beogh upon you.
Pain shoots through your body!
* * * LOW HITPOINT WARNING * * *
The endoplasm closely misses you. The dart slug launches a dart at you.
You block the slug dart.
You barely miss the orc priest.
The orc priest is lightly wounded.
The orc barely misses you.
The orc priest hits you with a +0 short sword.
* * * LOW HITPOINT WARNING * * *
You block the endoplasm's attack. The dart slug barely misses you.
The orc priest hits you with a +0 short sword.
* * * LOW HITPOINT WARNING * * *
The orc misses you.
The endoplasm hits you but does no damage.
Unknown command.
You feel better. You block the orc's attack.
The orc priest mumbles some strange prayers to Beogh against you.
Beogh smites you!
You die...

. .............#
#.##.#.........#...
.#..........<....#
..) #..[.........#
#..###..............
...................#
.....##.......#.####
..#............# .
###.J@.......##
#.oow........
#......(.....
......[............
...................
##..###############
....#8P#SS~~~~~#P8#
....#..#.......#..#
...©#©/+...⌠...+)©#


You could see 2 electric eels, an orc priest, a dart slug, an orc (invisible)
and an endoplasm.

Vanquished Creatures
  Robin (D:2)
  2 adders (D:2)
  2 worms (D:2)
  4 dart slugs
  3 orcs
  3 bats
  2 endoplasms (D:1)
  2 giant cockroaches
  15 goblins
  4 hobgoblins
  2 quokkas
  4 ball pythons
  4 frilled lizards
  9 kobolds
  5 rats
62 creatures vanquished.

Vanquished Creatures (others)
  A goblin (D:1)
1 creature vanquished.

Grand Total: 63 creatures vanquished

Notes
Turn   | Place    | Note
-------+----------+-------------------------------------------
     0 | D:1      | Bnni the Formicid Fighter began the quest for the Orb.
     0 | D:1      | Reached XP level 1. HP: 18/18 MP: 1/1
   102 | D:1      | Reached XP level 2. HP: 24/24 MP: 2/2
   273 | D:1      | Reached XP level 3. HP: 24/29 MP: 3/3
   496 | D:2      | Found Guostave's Book Emporium.
   687 | D:2      | Found Byf Ukue's Magic Scroll Shop.
   699 | D:2      | Reached XP level 4. HP: 35/37 MP: 4/4
  1012 | D:2      | Noticed Robin
  1053 | D:2      | Killed Robin
  1292 | D:2      | Reached XP level 5. HP: 39/42 MP: 5/5
  1346 | D:3      | Found a transporter.
  1347 | D:3      | Found a transporter.
  1378 | D:4      | HP: 2/42 [goblin/+0 club (2)]
  1381 | D:4      | Reached skill level 5 in Shields
  1539 | D:3      | Killed from afar by an orc priest

Illustrated notes

Levels and vault maps discovered:
D:1:      dpeg_arrival_stonehenge_12_columns, layout_rooms, serial_rivers,
          chequers_serial_rivers_marsh, chequers_serial_rivers_large_a,
          chequers_serial_rivers_micro_c, chequers_serial_rivers_room_b
D:2:      minmay_chambers_of_twos, layout_basic, serial_shops,
          nicolae_shop_hallway_stairs, nicolae_shop_statue_plus,
          due_unseen_surprise, uniq_robin
D:3:      gammafunk_steamed_eel, layout_rooms, nicolae_wu_jian_wuxing_cycle,
          gammafunk_temple_overflow_arena, uniq_ijyb
D:4:      layout_loops_ring, grunt_ministairs_10

Skill      XL: |  1  2  3  4  5 |
---------------+----------------+-----
Polearms       | 3 |  3.7
Fighting       | 4 |  4.1
Shields        | 5 |  5.0
Armour         | |  3.2

Action                   |  1- 3 |  4- 6 || total
-------------------------+-------+-------++-------
Melee: Trident           |    70 |   115 ||   185
 Abil: Dig               |     1 |       ||     1
  Use: Scroll            |       |     3 ||     3
       Potion            |       |     1 ||     1
Armor: Scale mail        |    29 |    27 ||    56
Dodge: Dodged            |    30 |    36 ||    66
Block: Buckler           |     6 |       ||     6
       Kite shield       |    14 |    40 ||    54

Table legend: (Time is in decaauts)
 A = Elapsed time spent in this place.
 B = Non-inter-level travel time spent in this place.
 C = Inter-level travel time spent in this place.
 D = Time resting spent in this place.
 E = Time spent auto-exploring this place.
 F = Levels seen in this place.
 G = Mean time per level.
                   A        B        C        D        E       F      G
               +--------+--------+--------+--------+--------+-----+--------+
         Total |   1597 |   1543 |     54 |    130 |    962 |   4 |  399.2 |
       Dungeon |   1597 |   1543 |     54 |    130 |    962 |   4 |  399.2 |
               +--------+--------+--------+--------+--------+-----+--------+

Top non-repeatable levels by time:
     D:2: 863 daAuts
     D:1: 517 daAuts
     D:4: 169 daAuts
     D:3: 46 daAuts
